 Dungeon Crawl Stone Soup version 0.23.2-30-g0e89c35649 (webtiles) character file.

Game seed: 6709488656969828691

79 Matador8 the Sneak (level 4, 0/30 HPs)
             Began as a Vampire Enchanter on June 19, 2019.
             Hit by a goblin thrown by Robin (1 damage)
             ... on level 3 of the Dungeon.
             The game lasted 00:14:38 (2296 turns).

Matador8 the Sneak (Vampire Enchanter)              Turns: 2296, Time: 00:14:38

Health: 0/30       AC:  0    Str:  7    XL:     4   Next: 16%
Magic:  6/7        EV: 20    Int: 18    God:
Gold:   84         SH:  0    Dex: 19    Spells: 3/7 levels left

rFire    . . .     SeeInvis +   (weapon currently unavailable)
rCold    + . .     Gourm    .   (shield currently unavailable)
rNeg     + + .     Faith    .   (armour currently unavailable)
rPois    +         Spirit   .   (helmet currently unavailable)
rElec    .         Reflect  .   (cloak currently unavailable)
rCorr    .         Harm     .   (gloves currently unavailable)
MR       .....                  (boots currently unavailable)
Stlth    +++++.....             (no amulet)
HPRegen  0.05/turn              (ring currently unavailable)
MPRegen  0.10/turn              (ring currently unavailable)

@: bat-form, flying, regenerating slowly, slowed, quick
A: tiny, fangs 3, see invisible
a: End Transformation


You were on level 3 of the Dungeon.
You were thirsty.
You were in vampire-bat-form.
You visited 1 branch of the dungeon, and saw 3 of its levels.

You collected 84 gold pieces.

Inventory:

Hand Weapons
 a - a +1 dagger (melded)
Missiles
 e - 23 poisoned needles
Armour
 b - a +0 robe
 c - a cursed +0 scale mail
 f - a +0 leather armour (melded)
Jewellery
 j - an uncursed ring of protection from fire {unknown}
Scrolls
 g - a scroll of enchant weapon {unknown}
 i - a scroll of remove curse {unknown}
 l - a scroll of identify {unknown}
Potions
 d - 19 potions of blood
 k - a potion of berserk rage
Comestibles
 h - 4 rations


   Skills:
 * Level 3.5 Short Blades
 - Level 2.1 Dodging
 + Level 4.9 Stealth
 - Level 2.4 Spellcasting
 + Level 4.8 Hexes


You had 3 spell levels left.
You knew the following spells:

 Your Spells              Type           Power        Failure   Level  Hunger
a - Corona                Hex            ###....      2%          1    #......
b - Confuse               Hex            ###.....     7%          3    ###....

Your spell library contained the following spells:

 Spells                   Type           Power        Failure   Level  Hunger
 Slow                     Hex            ###.....     3%          2    ##.....
 Tukima's Dance           Hex            ###.....     7%          3    ###....
 Ensorcelled Hibernation  Hex/Ice        ##....       10%         2    ##.....
 Magic Dart               Conj           #...         17%         1    #......
 Dazzling Spray           Conj/Hex       ##....       19%         3    ###....
 Blink                    Tloc           N/A          26%         2    ##.....
 Call Imp                 Summ           #.......     26%         2    ##.....
 Conjure Flame            Conj/Fire      #.......     45%         3    ###....
 Mephitic Cloud           Conj/Pois/Air  #.......     45%         3    ###....


Dungeon Overview and Level Annotations

Branches:
Dungeon (3/15)

Altars:
Ashenzari
The Shining One

Annotations:
D:2 Sigmund
D:3 Natasha, Robin


Innate Abilities, Weirdness & Mutations

You heal slowly.
You have razor-sharp teeth.
You have supernaturally acute eyesight. (SInv)
((You can survive without breathing.))


Message History

The goblin closely misses you.
Natasha casts a spell.
Robin says, "Feeling lonely?"
Robin hits you but does no damage. The goblin completely misses you.
Natasha completely misses you. Robin completely misses you.
The white imp shouts, "Flounder, thou feckless cream-faced pissant!"
The white imp completely misses you. Natasha completely misses you.
The goblin barely misses you. Natasha claws you.
* * * LOW HITPOINT WARNING * * *
Robin barely misses you. Natasha completely misses you. Natasha claws you.
* * * LOW HITPOINT WARNING * * *
It was a potion of berserk rage.
You feel slightly irritated.
The goblin no longer looks unusually strong.
Robin roars a battlecry!
The goblin goes into a battle-frenzy!
The goblin barely misses you. Robin throws the goblin at you!
You die...

############
#<(รท(....))#
##########.#
.......g#.# #b#.#
#.#.####
######g#....#####..
........h...........
......#.#5...#####.
#####.#.#....# #
#.#....# #.#....#
#.#.....#


You could see Robin, Natasha and a goblin.

Vanquished Creatures
  Jessica (D:2)
  A worm (D:2)
  2 dart slugs (D:1)
  A bat (D:1)
  3 giant cockroaches
  11 goblins
  8 hobgoblins
  8 kobolds
  3 frilled lizards
  4 rats
42 creatures vanquished.

Notes
Turn   | Place    | Note
-------+----------+-------------------------------------------
     0 | D:1      | Matador8 the Vampire Enchanter began the quest for the Orb.
     0 | D:1      | Reached XP level 1. HP: 13/13 MP: 3/3
   232 | D:1      | Reached XP level 2. HP: 12/19 MP: 1/5
  1057 | D:2      | Reached XP level 3. HP: 24/24 MP: 6/6
  1117 | D:1      | Learned a level 3 spell: Confuse
  1179 | D:2      | Found a shattered altar of Ashenzari.
  1182 | D:2      | Noticed Jessica
  1184 | D:2      | Killed Jessica
  1221 | D:2      | Found a glowing golden altar of the Shining One.
  1241 | D:2      | Noticed Sigmund
  2120 | D:3      | Noticed Robin
  2141 | D:3      | Reached XP level 4. HP: 23/30 MP: 1/7
  2283 | D:3      | Noticed Natasha
  2292 | D:3      | HP: 1/30 [Natasha (3)]
  2296 | D:3      | Hit by a goblin thrown by Robin

Skill      XL: |  1  2  3 |
---------------+----------+-----
Short Blades   | 2 3 |  3.5
Dodging        | |  2.1
Stealth        | |  4.9
Spellcasting   | |  2.4
Hexes          | |  4.8

Action                   |  1- 3 |  4- 6 || total
-------------------------+-------+-------++-------
Melee: Dagger            |   135 |    26 ||   161
       Bite              |    10 |       ||    10
 Cast: Corona            |    27 |     5 ||    32
       Confuse           |     5 |       ||     5
 Abil: Bat Form          |     1 |     1 ||     2
       End Transformatio |     1 |       ||     1
  Use: Potion            |     2 |     2 ||     4
 Stab: Sleeping          |     7 |       ||     7
       Distracted        |     1 |       ||     1
       Confused          |     2 |       ||     2
Armor: Leather armour    |    24 |     4 ||    28
Dodge: Dodged            |    61 |    25 ||    86
